[Event "SuperFinal 2015 (women)"]
[Site "Chita"]
[Date "2015.08.11"]
[Round "3.1"]
[White "Savina, Anastasia"]
[Black "Gunina, Valentina"]
[Result "0-1"]
[ECO "D45"]
[WhiteElo "2429"]
[BlackElo "2531"]
[PlyCount "96"]
[EventDate "2015.??.??"]
[TimeControl "6000+1125"]
[WhiteClock "0:25:02"]
[BlackClock "0:38:58"]

1. d4 d5 2. c4 c6 3. Nc3 Nf6 4. e3 e6 5. Nf3 Nbd7 6. Qc2 Bd6 7. Bd3 O-O 8. O-O
dxc4 9. Bxc4 b5 10. Bd3 Bb7 11. e4 e5 12. h3 a6 13. Bg5 h6 14. Bh4 Re8 15. Rad1
exd4 16. Nxd4 Qb6 17. Nf5 Be5 18. Kh1 c5 19. f4 Bxc3 20. Qxc3 b4 21. Qb3 Qc6
22. Rf3 c4 23. Bxc4 Rxe4 24. Bxf7+ Kh8 25. Nd6 Rxf4 26. Nxb7 Rxh4 27. Bd5 Qc7
28. Nd6 Rf8 29. Nf7+ Rxf7 30. Bxf7 Ng4 31. Rg3 (31. g3 Rxh3+ 32. Kg2 Rh2+)
31... Nf2+ 32. Kh2 Nxd1 33. Qxd1 Nf6 34. Bg6 Ng4+ 35. Qxg4 Rxg4 36. hxg4 Qd6
37. Bd3 g6 38. Kh3 Kg7 39. Rf3 Qe6 40. Kg3 Qxa2 41. b3 Qxb3 42. Bxa6 Qe6 43.
Bd3 b3 44. Bf1 b2 45. Bd3 Qd6+ 46. Kh3 Qxd3 47. Rxd3 b1=Q 48. Rf3 Qe1 0-1

[Event "SuperFinal 2015 (women)"]
[Site "Chita"]
[Date "2015.08.17"]
[Round "8.6"]
[White "Gunina, Valentina"]
[Black "Bodnaruk, Anastasia"]
[Result "1/2-1/2"]
[ECO "E16"]
[WhiteElo "2531"]
[BlackElo "2431"]
[PlyCount "125"]
[EventDate "2015.??.??"]
[TimeControl "6000+1400"]
[WhiteClock "0:14:01"]
[BlackClock "0:08:31"]

1. d4 Nf6 2. c4 e6 3. Nf3 Bb4+ 4. Bd2 Qe7 5. g3 Bxd2+ 6. Qxd2 Nc6 7. Nc3 d5 8.
Bg2 dxc4 9. O-O O-O 10. Ne5 Nxe5 11. dxe5 Nd7 12. Qd4 Qb4 13. Rac1 Qb6 14. Qf4
Qa5 15. Rfd1 Nxe5 16. h4 f6 17. h5 Bd7 18. h6 Rad8 19. Bxb7 g5 20. Qe3 Qb6 21.
Qxb6 axb6 22. Ne4 Kf7 23. b3 cxb3 24. axb3 c5 25. Rd6 Bb5 26. Rc2 c4 27. Rxb6
Rd1+ 28. Kg2 cxb3 29. Rc7+ Bd7 30. Nc5 Kg6 31. f4 gxf4 32. gxf4 Nc4 33. Rxb3
Rf7 34. Rg3+ (34. Ba6 Na5 35. Rd3) 34... Kxh6 35. Nxd7 Rfxd7 36. Rxc4 Rxb7 37.
f5 Kh5 38. fxe6 Rd5 39. Rf4 Rg5 40. Rxf6 Re7 41. e4 Rxg3+ 42. Kxg3 Kg5 43. e5
h5 44. Kf3 h4 45. Ke4 h3 46. Rf5+ Kg4 47. Rf4+ Kg5 48. Rf3 Kg4 49. Rf6 Kg5 50.
Kd5 h2 51. Rf1 Rh7 52. Rh1 Kf5 53. Kd6 Rh6 54. Kd5 Rh7 55. Kd6 Rh6 56. Rf1+ Ke4
57. Re1+ Kf5 58. Rf1+ Ke4 59. Kd7 h1=Q 60. Rxh1 Rxh1 61. e7 Rh8 62. e6 Kd5 63.
e8=Q 1/2-1/2